 Dungeon Crawl Stone Soup version 0.29-a0-582-ge82337ba6a (webtiles) character file.

Game seed: 14899945205406501370

2 HoaS the Ducker (level 1, 0/10 HPs)
             Began as a Felid Berserker on June 15, 2022.
             Was a Follower of Trog.
             Slain by a goblin
             ... wielding a +0 dagger
              (1 damage)
             ... on level 1 of the Dungeon.
             The game lasted 00:01:00 (54 turns).

HoaS the Ducker (Felid Berserker)                     Turns: 54, Time: 00:01:00

Health: 0/10       AC:  1    Str: 13    XL:     1   Next: 33%
Magic:  2/2        EV: 18    Int:  8    God:    Trog [*.....]
Gold:   1          SH:  0    Dex: 15    Spells: 0/0 levels left
                                        Lives:  0   Deaths: 0

rFire   . . .      SeeInvis +     - Unarmed
rCold   . . .      Faith    .   (shield unavailable)
rNeg    . . .      Spirit   .   (body armour unavailable)
rPois   .          Reflect  .   (helmet unavailable)
rElec   .          Harm     .   (cloak unavailable)
rCorr   .          Rampage  .   (gloves unavailable)
Will    .....                   (boots unavailable)
Stlth   +.........              (no amulet)
HPRegen 0.03/turn               (no ring)
MPRegen 0.08/turn               (no ring)

@: quick
A: very small, claws 1, fangs 3, see invisible, speed 1, shaggy fur 1, stealthy
paws, no weapons or thrown items, no armour, multi-lived
a: Renounce Religion, Berserk


You were on level 1 of the Dungeon.
You worshipped Trog.
Trog was aware of your devotion.
You visited 1 branch of the dungeon, and saw 1 of its levels.

You collected 1 gold pieces.

You aren't carrying anything.


   Skills:
 * Level 3.0 Fighting
 + Level 4.0 Dodging
 * Level 3.0 Unarmed Combat


You couldn't memorise any spells.
You didn't know any spells.
Your spell library was empty.

Dungeon Overview and Level Annotations

Branches:
Dungeon (1/15)

Altars:


Innate Abilities, Weirdness & Mutations

You have sharp claws.
You have razor-sharp teeth.
You have supernaturally acute eyesight. (SInv)
You cover ground quickly. (Speed+)
You are covered in fur. (AC +1)
Your paws help you pounce on unaware monsters.
You are incapable of wielding weapons or throwing items.
You cannot wear armour.
You gain extra lives every three experience levels.


Message History

You scratch the dart slug.
The dart slug is moderately wounded.
The dart slug closely misses you.
You scratch the dart slug. You claw the dart slug.
You kill the dart slug!
Trog accepts your kill.
You see here a dart slug corpse.
A jackal comes into view.
The jackal barks!
A jackal comes into view.
You see here a dart slug corpse.
A goblin comes into view. It is wielding a +0 dagger.
You swing at nothing.
You scratch the jackal.
The jackal is lightly wounded.
The jackal misses you.
You closely miss the jackal.
The jackal is lightly wounded.
The jackal bites you.
You scratch the jackal. Your bite misses the jackal.
The jackal is lightly wounded.
The jackal misses you.
You scratch the jackal.
The jackal is moderately wounded.
The jackal completely misses you.
You miss the jackal. Your bite misses the jackal.
The jackal is moderately wounded.
The jackal bites you.
You barely miss the jackal.
The jackal is moderately wounded.
The jackal bites you.
You barely miss the jackal.
The jackal is moderately wounded.
The jackal barely misses you. The goblin hits you with a +0 dagger.
* * * LOW HITPOINT WARNING * * *
The jackal completely misses you.
You scratch the jackal but do no damage.
The jackal is moderately wounded.
The goblin hits you with a +0 dagger.
You die...

################
................ .
####...[..######..
.................
#..##......##..##..
...................
#########<>############.
......g@hh..†...........
.###..#####.............
.... #...!......... ....
##............ ...
#............ ..
#............ .
#....$.......
...#..........
##...#.###.....


You could see 2 jackals and a goblin.

Vanquished Creatures
  A dart slug (D:1)
1 creature vanquished.

Notes
Turn   | Place    | Note
-------+----------+-------------------------------------------
     0 | D:1      | HoaS the Felid Berserker began the quest for the Orb.
     0 | D:1      | Reached XP level 1. HP: 10/10 MP: 2/2
    54 | D:1      | Slain by a goblin

Illustrated notes

Levels and vault maps discovered:
D:1:      dpeg_arrival_line_fractal, layout_rooms, serial_shops,
          nicolae_shop_crystal, minmay_misc_feat_ornament

Action                   || total
-------------------------++-------
Melee: Unarmed           ||    10
       Punch             ||     1
Dodge: Dodged            ||     6

Table legend: (Time is in decaauts)
 A = Elapsed time spent in this place.
 B = Non-inter-level travel time spent in this place.
 C = Inter-level travel time spent in this place.
 D = Time resting spent in this place.
 E = Time spent auto-exploring this place.
 F = Levels seen in this place.
 G = Mean time per level.
                   A        B        C        D        E       F      G
               +--------+--------+--------+--------+--------+-----+--------+
         Total |     45 |     45 |      0 |      0 |      5 |   1 |   45.0 |
       Dungeon |     45 |     45 |      0 |      0 |      5 |   1 |   45.0 |
               +--------+--------+--------+--------+--------+-----+--------+

Top non-repeatable levels by time:
     D:1: 45 daAuts
